 Dungeon Crawl Stone Soup version 0.19.5 (webtiles) character file.

6492 Kullinuha the Covert (level 10, -5/76 HPs)
             Began as a Vampire Assassin on Apr 19, 2017.
             Was an Elder of Dithmenos.
             Succumbed to a redback's poison
             ... on level 2 of the Lair of Beasts on Apr 29, 2017.
             The game lasted 03:22:23 (11238 turns).

Kullinuha the Covert (Vampire Assassin)            Turns: 11238, Time: 03:22:23

Health: -5/76      AC: 11    Str: 10    XL:     10   Next: 68%
Magic:  10/10      EV: 20    Int: 13    God:    Dithmenos [****..]
Gold:   289        SH:  0    Dex: 20    Spells: 0 memorised, 9 levels left

rFire  + . .     SeeInvis +     q - +2 short sword (venom) {yy}
rCold  + . .     Gourm    .     G - +2 robe {rC+ rF+}
rNeg   + + .     Faith    +     (no shield)
rPois  .         Spirit   .     (no helmet)
rElec  .         Reflect  .     u - +1 cloak
rCorr  .         Harm     .     F - +0 pair of gloves
MR     +....                    y - +0 pair of boots
Stlth  +++++++++.               S - amulet of faith
                                Q - ring of positive energy
                                H - +3 ring of protection

@: lethally poisoned (-5 -> -71), very slightly contaminated, wreathed by umbra,
studying Dodging
A: fangs 3, see invisible, unbreathing
a: Bat Form, Shadow Step, Renounce Religion


You were on level 2 of the Lair of Beasts.
You worshipped Dithmenos.
Dithmenos was greatly pleased with you.
You were not thirsty.

You visited 3 branches of the dungeon, and saw 13 of its levels.

You collected 577 gold pieces.
You spent 288 gold pieces at shops.

Inventory:

Hand Weapons
 a - a +2 dagger
 b - a +0 blowgun
 i - a +3 dagger of chaos
 q - a +2 short sword of venom (weapon) {yy}
 C - a +2 antimagic rapier
 J - a +0 flail of crushing
 K - a +0 dagger of draining
 N - a +2 hand axe of chopping
Missiles
 e - 31 poisoned needles
 f - 2 curare-tipped needles
 v - 151 stones (quivered)
Armour
 u - a +1 cloak (worn)
 y - a +0 pair of boots (worn)
 F - a +0 pair of gloves (worn)
 G - a +2 robe of resistance (worn)
 L - a +1 leather armour of poison resistance
 P - a +0 robe of magic resistance
Jewellery
 g - an uncursed ring of poison resistance
 p - an uncursed ring of flight
 s - an uncursed ring of poison resistance
 t - an uncursed ring of protection from fire
 x - an uncursed ring of see invisible
 E - an uncursed ring of magical power
 H - a +3 ring of protection (left hand)
 Q - a ring of positive energy (right hand)
 S - an amulet of faith (around neck)
 U - an uncursed ring of resist corrosion
Wands
 r - a wand of digging (8/24)
 O - a wand of slowing (35/48)
Scrolls
 j - 6 scrolls of remove curse
 k - 4 scrolls of identify
 m - 4 scrolls of amnesia
 o - 7 scrolls of teleportation
 T - a scroll of fog
Potions
 h - 8 potions of flight
 n - a potion of heal wounds
 z - 4 potions of resistance
 A - 2 potions of agility
 B - 2 potions of curing
 D - 3 potions of brilliance
 I - a potion of cure mutation
 M - 2 potions of might
Books
 c - a manual of Dodging


   Skills:
 * Level 5.8 Fighting
 * Level 10.0 Short Blades
 - Level 1.5 Throwing
 - Level 2.2 Armour
 * Level 9.9 Dodging
 * Level 14.9 Stealth


You had 9 spell levels left.
You didn't know any spells.

Dungeon Overview and Level Annotations

Branches:
Dungeon (10/15)            Temple (1/1) D:5            Lair (2/6) D:9
  Swamp: Lair:2-4    Shoals: Lair:2-4     Snake: Lair:2-4    Spider: Lair:2-4
    Orc: D:9-12

Altars:
Ashenzari
Cheibriados
Dithmenos
Elyvilon
Fedhas
Gozag
Hepliaklqana
Kikubaaqudgha
Makhleb
Nemelex Xobeh
Okawaru
Qazlal
Ru
Sif Muna
Trog
Uskayaw
Vehumet
Xom
Yredelemnul
Zin
The Shining One

Shops:
D:4 (   D:7 =

Annotations:
D:5 tschems's ghost, novice HuFi
D:6 happy2pester's ghost, novice HOFi
Lair:2 Erica


Innate Abilities, Weirdness & Mutations

You have razor-sharp teeth.
You have supernaturally acute eyesight. (SInv)
You can survive without breathing.


Message History

* * * LOW HITPOINT WARNING * * *
You feel very sick. The blink frog completely misses you.
There is a stone staircase leading up here.
As you read the scroll of teleportation, it crumbles to dust.
You feel strangely unstable.
* * * LOW HITPOINT WARNING * * *
You feel very sick.
You kill the blink frog!
Dithmenos accepts your kill. The redback bites you.
* * * LOW HITPOINT WARNING * * *
You are more poisoned.
The redback poisons you! The redback misses you. The blink frog hits you!
* * * LOW HITPOINT WARNING * * *
The blink frog blinks!
The spiny frog misses you.
Erica the Fiery-Tempered comes into view.
She is wielding a scimitar of flaming.
As you read the scroll of teleportation, it crumbles to dust.
You feel strangely stable.
You die...

#..#..$..#..#§.
#......@......
##.#....P...#
#..P........#
#..........#
#.....†..#
#.F..#<..#
#.s.s#...+
#..@...##..
#..F†......$.
...##s#.#PP.##.
..... .........
.... .#####...
... .. .. #..
#. . #.


You could see Erica (wandering), a spiny frog, a blink frog, a jumping spider
and 2 redbacks.

Vanquished Creatures
  Joseph (D:9)
  Psyche (D:9)
  A two-headed ogre (D:8)
  3 hippogriffs
  A blink frog (Lair:2)
  5 yaks
  A hungry ghost (D:10)
  A soldier ant (D:7)
  2 water moccasins
  2 black bears
  An ice beast (D:7)
  3 orc warriors
  2 sky beasts (D:9)
  2 phantoms
  5 ogres
  4 centaurs
  2 big kobolds (D:9)
  Blork the orc (D:4)
  4 bullfrogs
  3 scorpions
  5 killer bees (D:8)
  3 centaur zombies
  4 hounds
  A quasit (D:7)
  A bullfrog zombie (D:7)
  3 bullfrog skeletons
  4 orc priests
  2 centaur skeletons
  7 orc wizards
  4 iguanas
  Ijyb (D:3)
  2 worker ants
  A hound zombie (D:7)
  A hound skeleton (D:4)
  3 howler monkey skeletons
  20 adders
  2 shadow imps
  An ooze (D:1)
  An adder skeleton (D:9)
  6 worms
  A dart slug (D:1)
  3 leopard geckos
  25 orcs
  3 bats
  4 giant cockroaches
  5 goblins
  10 hobgoblins
  10 jackals
  3 quokkas
  2 ball pythons
  A frilled lizard (D:4)
  A jackal skeleton (D:6)
  A jackal zombie (D:6)
  13 kobolds
  A quokka skeleton (D:4)
  7 rats
  A plant (Lair:1)
208 creatures vanquished.

Notes
Turn   | Place    | Note
-------+----------+-------------------------------------------
     0 | D:1      | Kullinuha the Vampire Assassin began the quest for the Orb.
     0 | D:1      | Reached XP level 1. HP: 16/16 MP: 1/1
    37 | D:1      | Reached skill level 6 in Stealth
    61 | D:1      | Noticed a big kobold
    61 | D:1      | Noticed a big kobold
   200 | D:1      | Reached XP level 2. HP: 19/22 MP: 2/2
   228 | D:1      | Noticed a big kobold
   234 | D:1      | Noticed a big kobold
  1171 | D:2      | Reached XP level 3. HP: 25/27 MP: 3/3
  1542 | D:2      | Reached skill level 7 in Stealth
  2448 | D:2      | Reached XP level 4. HP: 33/33 MP: 4/4
  2697 | D:3      | Noticed a phantom
  3983 | D:3      | Found a shadowy altar of Dithmenos.
  3996 | D:3      | Became a worshipper of Dithmenos the Shadowed
  4236 | D:3      | Reached XP level 5. HP: 38/38 MP: 5/5
  4368 | D:3      | Noticed Ijyb
  4389 | D:3      | Killed Ijyb
  4389 | D:3      | Reached skill level 8 in Stealth
  4434 | D:4      | Found Geneepta's Weapon Emporium.
  4434 | D:4      | Noticed Blork the orc
  4524 | D:4      | Killed Blork the orc
  4662 | D:4      | Noticed a phantom
  4696 | D:4      | You fall through a shaft for 2 floors!
  4765 | D:6      | Noticed a centaur
  4793 | D:5      | Entered Level 5 of the Dungeon
  4865 | D:4      | Noticed an ogre
  4887 | D:4      | Killed an ogre
  4887 | D:4      | Reached XP level 6. HP: 46/46 MP: 6/6
  4970 | D:4      | Reached skill level 9 in Stealth
  5246 | D:5      | Found a staircase to the Ecumenical Temple.
  5271 | D:5      | Noticed tschems's ghost (novice HuFi)
  5275 | Temple   | Entered the Ecumenical Temple
  5426 | D:4      | Reached XP level 7. HP: 51/51 MP: 7/7
  5711 | D:4      | Reached * piety under Dithmenos
  5765 | D:5      | Reached skill level 5 in Short Blades
  5765 | D:5      | Reached skill level 1 in Armour
  6168 | D:4      | Bought a +2 antimagic rapier for 288 gold pieces
  6227 | D:6      | Noticed happy2pester's ghost (novice HOFi)
  6287 | D:6      | Reached skill level 10 in Stealth
  6844 | D:6      | Reached XP level 8. HP: 58/58 MP: 8/8
  7199 | D:7      | Reached skill level 11 in Stealth
  7906 | D:7      | Found Louppo Docru's Jewellery Shoppe.
  8036 | D:8      | Reached XP level 9. HP: 65/65 MP: 9/9
  8054 | D:8      | Reached skill level 5 in Dodging
  8054 | D:8      | Reached skill level 12 in Stealth
  8316 | D:8      | Reached ** piety under Dithmenos
  8576 | D:8      | Reached skill level 13 in Stealth
  8940 | D:9      | Reached skill level 5 in Fighting
  9086 | D:8      | Reached *** piety under Dithmenos
  9407 | D:9      | Noticed Psyche
  9412 | D:9      | Killed Psyche
  9420 | D:9      | Noticed Joseph
  9423 | D:9      | Killed Joseph
  9423 | D:9      | Reached XP level 10. HP: 74/74 MP: 10/10
 10037 | D:9      | Reached skill level 14 in Stealth
 10214 | D:9      | Found a staircase to the Lair.
 10299 | Lair:1   | Entered Level 1 of the Lair of Beasts
 10394 | D:10     | Entered Level 10 of the Dungeon
 10728 | D:10     | Noticed a hill giant
 10871 | D:10     | Reached **** piety under Dithmenos
 10909 | D:10     | Noticed a hill giant
 11191 | Lair:1   | Noticed a spiny frog
 11208 | Lair:1   | Reached skill level 10 in Short Blades
 11237 | Lair:2   | HP: 1/76 [blink frog (13)]
 11238 | Lair:2   | Noticed Erica
 11238 | Lair:2   | Succumbed to a redback's poison

Skill      XL: |  1  2  3  4  5  6  7  8  9 10 |
---------------+-------------------------------+-----
Stealth        | 6 7 8 9 10 11 13 14 | 14.9
Fighting       | 2 3 4 5 |  5.8
Dodging        | 2 3 4 8 9 |  9.9
Short Blades   | 3 4 5 7 9 10 | 10.0
Armour         | 1 2 |  2.2
Throwing       | |  1.5

Action                   |  1- 3 |  4- 6 |  7- 9 | 10-12 || total
-------------------------+-------+-------+-------+-------++-------
Melee: Dagger            |   121 |    52 |       |       ||   173
       Bite              |     5 |     9 |    40 |    20 ||    74
       Short sword       |       |    78 |   305 |   187 ||   570
 Fire: Blowgun           |     1 |       |       |       ||     1
Throw: Javelin           |       |     4 |    25 |     3 ||    32
       Stone             |       |       |    14 |       ||    14
  Use: Scroll            |     4 |     4 |     9 |     5 ||    22
       Potion            |       |       |     3 |       ||     3
 Stab: Sleeping          |     8 |     9 |    33 |    15 ||    65
       Distracted        |       |       |       |     3 ||     3
  Eat: Corpse            |     6 |    11 |    13 |     4 ||    34
Armor: Robe              |    21 |    18 |    53 |    13 ||   105
       Leather armour    |       |    21 |    10 |       ||    31
Dodge: Dodged            |    56 |    77 |   221 |   107 ||   461
